 Dungeon Crawl Stone Soup version 0.20.1-1-g8b1a95d (webtiles) character file.

59 Thjof the Covered (level 4, 30/30 HPs)
             Began as a Human Wanderer on Nov 6, 2017.
             Was an Initiate of Zin.
             Quit the game on level 2 of the Dungeon.
             The game lasted 00:14:07 (1180 turns).

Thjof the Covered (Human Wanderer)                  Turns: 1180, Time: 00:14:08

Health: 30/30      AC:  9    Str: 17    XL:     4   Next: 22%
Magic:  5/5        EV:  9    Int: 10    God:    Zin [......]
Gold:   24         SH:  0    Dex: 11    Spells: 1/5 levels left

rFire    . . .     SeeInvis .   x - -3 whip (curse)
rCold    . . .     Gourm    .   (no shield)
rNeg     . . .     Faith    .   a - +2 scale mail
rPois    .         Spirit   +   (no helmet)
rElec    .         Reflect  .   u - scarf {Spirit}
rCorr    .         Harm     .   (no gloves)
MR       .....                  (no boots)
Stlth    ..........             (no amulet)
Regen    0.1/turn               (no ring)
MPRegen  0.1/turn               (no ring)

@: no status effects
A: no striking features
a: Donate Gold, Renounce Religion


You were on level 2 of the Dungeon.
You worshipped Zin.
Zin was noncommittal.
You were not hungry.

You visited 1 branch of the dungeon, and saw 2 of its levels.

You collected 26 gold pieces.
You donated 2 gold pieces to Zin.

Inventory:

Hand Weapons
 d - a +0 club
 e - a +0 club
 g - a +0 club
 h - a +0 club
 j - a +0 dagger
 k - a cursed -3 club
 l - a +0 short sword
 n - a +0 club
 o - a +0 club
 p - a +0 club
 r - a +0 short sword
 s - a +0 dagger
 t - a +0 club
 x - a cursed -3 whip (weapon)
Missiles
 i - 33 stones (quivered)
Armour
 a - a +2 scale mail (worn)
 u - a scarf of spirit shield (worn)
Scrolls
 v - a scroll of identify
Potions
 b - a potion of lignification
 w - 2 potions of ambrosia {unknown}
Books
 c - Cisa's Grimoire of Weightlessness

   Spells                             Type                      Level
   a - Swiftness                      Charms/Air                   2
   b - Poisonous Vapours              Poison/Air                   2
Comestibles
 f - 2 bread rations
 m - 3 chunks of flesh
 q - an inedible chunk of flesh


   Skills:
 + Level 0.2 Fighting
 + Level 2.3 Maces & Flails
 + Level 4.2 Armour
 + Level 0.6 Dodging
 + Level 1.0 Stealth
 + Level 1.2 Spellcasting
 + Level 2.1 Air Magic
   Level 1.0 Evocations


You had one spell level left.
You knew the following spells:

 Your Spells              Type           Power        Failure   Level  Hunger
a - Swiftness             Chrm/Air       #.......     71%         2    ###....
b - Poisonous Vapours     Pois/Air       #.....       71%         2    ###....


Dungeon Overview and Level Annotations

Branches:
Dungeon (2/15)

Altars:
Zin


Message History

You can now donate money to Zin.
You have 24 gold pieces.
You open the door.
A worm comes into view.
There is an open door here.
You close the door.
Throwing (i - inventory):
i - 35 stones (quivered)
Press: ? - help, Shift-Dir - straight line, f - worm
Aim: a worm You throw a stone.
The stone hits the worm.
The worm is lightly wounded.
Throwing (i - inventory):
i - 34 stones (quivered)
Press: ? - help, Shift-Dir - straight line, f/p - worm
Aim: a worm (lightly wounded)
You throw a stone.
The stone hits the worm but does no damage.
The worm is lightly wounded.
Are you sure you want to abandon this character and quit the game? (Confirm with "yes".)
Okay, then.
Are you sure you want to abandon this character and quit the game? (Confirm with "yes".)

....# ## .###..#
##.. .# .# # ....
#.# .# ... #.# .#
#..# #.###.#### .#
#..# #........#
.###..### ###
#...(....###
÷##.....
...#..w.....#.##
.##...#
#.#.@.........#
<.#...####
#..........#.#
.........##
###+####...#.#
..........#
#.....###..#.#
.........## #.._..#
#...# .##...#####
#.###.# ###†#
.##.......# ###$###
#.# ##
.##...########$$$##
#.# #.# .###.>##...
#$$$# #.# #.#


You could see a worm.

Vanquished Creatures
  2 adders (D:2)
  3 dart slugs
  2 leopard geckos
  A ball python (D:1)
  A bat (D:1)
  2 giant cockroaches (D:1)
  5 goblins
  6 hobgoblins
  A frilled lizard (D:2)
  6 kobolds
  2 rats (D:1)
31 creatures vanquished.

Notes
Turn   | Place    | Note
-------+----------+-------------------------------------------
     0 | D:1      | Thjof the Human Wanderer began the quest for the Orb.
     0 | D:1      | Thjof set off with: a +2 scale mail, a potion of lignification, Cisa's Grimoire of Weightlessness, a +0 club, a bread ration
     0 | D:1      | Reached XP level 1. HP: 13/13 MP: 2/2
   132 | D:1      | Reached XP level 2. HP: 15/19 MP: 3/3
   179 | D:1      | Identified Cisa's Grimoire of Weightlessness
   182 | D:1      | Learned a level 2 spell: Swiftness
   249 | D:1      | Reached XP level 3. HP: 8/24 MP: 4/4
   269 | D:1      | Learned a level 2 spell: Poisonous Vapours
   714 | D:2      | Reached skill level 4 in Armour
   798 | D:2      | Reached XP level 4. HP: 3/30 MP: 1/5
   801 | D:2      | HP: 2/45 [poisoned by an adder]
  1166 | D:2      | Found a glowing silver altar of Zin.
  1171 | D:2      | Became a worshipper of Zin the Law-Giver
  1180 | D:2      | Quit the game

Skill      XL: |  1  2  3 |
---------------+----------+-----
Armour         | 4 |  4.2
Fighting       | |  0.2
Maces & Flails | |  2.3
Dodging        | |  0.6
Stealth        | |  1.0
Spellcasting   | |  1.2
Air Magic      | |  2.1
Evocations     | |  1.0

Action                   |  1- 3 |  4- 6 || total
-------------------------+-------+-------++-------
Melee: Club              |   129 |    36 ||   165
Throw: Stone             |    14 |     9 ||    23
 Cast: Poisonous Vapours |     1 |       ||     1
  Use: Scroll            |     3 |       ||     3
       Potion            |     1 |       ||     1
  Eat: Chunk             |     1 |       ||     1
       Meat ration       |       |     1 ||     1
Armor: Scale mail        |    66 |    15 ||    81
       Skin              |    16 |       ||    16
Dodge: Dodged            |    63 |    15 ||    78
